 Dungeon Crawl Stone Soup version 0.31-a0-889-g1a8549509d (webtiles) character file.

Game seed: 8407309625898930742

25808 promet the Covert (level 13, -5/90 HPs)
             Began as a Gnoll Brigand on Oct 16, 2023.
             Was an Elder of Hepliaklqana.
             Slain by a catoblepas (8 damage)
             ... while petrified by a catoblepas
             ... on level 3 of the Lair of Beasts.
             The game lasted 01:23:29 (20422 turns).

promet the Covert (Gnoll Brigand)                  Turns: 20422, Time: 01:23:30

Health: -5/90      AC: 13    Str: 19    XL:     13   Next: 21%
Magic:  0/25       EV:  2    Int: 13    God:    Hepliaklqana [****..]
Gold:   399        SH:  0    Dex: 14    Spells: 9/28 levels left

rFire   + . .        c - +0 glaive
rCold   + . .        (shield currently unavailable)
rNeg    + + +        t - +0 steam dragon scales
rPois   ∞            S - +1 hat {Will+}
rElec   .            M - scarf {rC+ rF+}
rCorr   .            H - +2 pair of gloves
SInv    .            f - +1 pair of boots
Will    ++...        R - amulet of guardian spirit
Stlth   +++++        g - +6 ring of strength
HPRegen 0.35/turn    P - ring of willpower
MPRegen 0.19/turn

%: guardian spirit
@: petrified
A: reduced essence, fangs 1, strong nose, distributed training
a: Renounce Religion, Recall Ancestor, Ancestor Identity, Transference, Idealise


You were on level 3 of the Lair of Beasts.
You worshipped Hepliaklqana.
Hepliaklqana was greatly pleased with you.
You visited 4 branches of the dungeon, and saw 16 of its levels.

You collected 706 gold pieces.
You spent 307 gold pieces at shops.

Inventory:

Hand Weapons
 a - a +9 rapier of venom
 b - the +3 orcbow "Wipnaseo" {freeze, rElec rPois Dex-2}
   (You found it on level 7 of the Dungeon)

   Dex-2:     It affects your dexterity (-2).
   rElec:     It insulates you from electricity.
   rPois:     It protects you from poison
 c - a +0 glaive (weapon)
 j - a +2 dagger of speed
 k - a +2 short sword of freezing
 u - a +5 scimitar of flaming
 K - a +2 war axe
Missiles
 d - 42 poisoned darts
 e - 3 curare-tipped darts
 m - 133 stones
 s - 2 atropa-tipped darts
 v - 7 boomerangs (quivered)
Armour
 f - a +1 pair of boots (worn)
 t - +0 steam dragon scales (worn)
 A - a +0 cloak
 D - a +2 ring mail of fire resistance
 H - a +2 pair of gloves (worn)
 M - a scarf of resistance (worn)
 S - a +1 hat of willpower (worn)
Magical Staves
 h - a staff of poison
 n - a staff of air
Jewellery
 g - a +6 ring of strength (left hand)
 C - a ring of protection from fire
 F - an amulet of magic regeneration
 P - a ring of willpower (right hand)
 Q - a ring of protection from cold
 R - an amulet of guardian spirit (around neck)
 U - a ring of flight
Wands
 p - a wand of paralysis (13)
 y - a wand of light (8)
 G - a wand of mindburst (14)
 L - a wand of roots (4)
Scrolls
 l - 5 scrolls of teleportation
 B - 3 scrolls of vulnerability
 E - 2 scrolls of blinking
 N - 3 scrolls of revelation
 V - a scroll of identify
Potions
 i - 5 potions of haste
 o - a potion of cancellation
 q - 2 potions of curing
 r - 5 potions of attraction
 w - 2 potions of resistance
 x - a potion of brilliance
 z - 3 potions of might
 I - 2 potions of mutation
 O - a potion of enlightenment
 T - a potion of invisibility
 W - a potion of berserk rage {unknown}


   Skills:
 + Level 9.5 Fighting
 + Level 9.5 Short Blades
 + Level 8.2 Long Blades
 + Level 8.2 Axes
 + Level 8.2 Maces & Flails
 + Level 8.2 Polearms
 + Level 8.2 Staves
 + Level 8.2 Ranged Weapons
 + Level 9.5 Throwing
 + Level 8.2 Armour
 + Level 8.7 Dodging
 + Level 11.3 Stealth
 + Level 8.2 Shields
 + Level 8.2 Unarmed Combat
 + Level 8.2 Spellcasting
 + Level 6.8 Conjurations
 + Level 6.8 Hexes
 + Level 6.8 Summonings
 + Level 6.8 Necromancy
 + Level 6.8 Translocations
 + Level 6.8 Transmutations
 + Level 6.8 Fire Magic
 + Level 6.8 Ice Magic
 + Level 6.8 Air Magic
 + Level 6.8 Earth Magic
 + Level 6.8 Poison Magic
 + Level 9.0 Invocations
 + Level 8.2 Evocations
 + Level 7.5 Shapeshifting


You had 9 spell levels left.
You knew the following spells:

 Your Spells              Type           Power      Damage    Failure   Level
a - Magic Dart            Conj           92%        1d7       1%          1
b - Searing Ray           Conj           46%        2d6       1%          2
c - Ignite Poison         Fire/Tmut/Pois 23%        N/A       2%          3
d - Call Canine Familiar  Summ           23%        N/A       2%          3
e - Hailstorm             Conj/Ice       23%        3d7       2%          3
f - Summon Guardian Gole  Hex/Summ       23%        N/A       2%          3
g - Dimensional Bullseye  Hex/Tloc       11%        N/A       8%          4

Your spell library contained the following spells:

 Spells                   Type           Power      Damage    Failure   Level
 Summon Small Mammal      Summ           92%        N/A       1%          1
 Ozocubu's Armour         Ice            23%        N/A       2%          3
 Sigil of Binding         Hex            23%        N/A       2%          3
 Fulminant Prism          Conj/Hex       11%        3d8       8%          4
 Leda's Liquefaction      Hex/Erth       11%        N/A       8%          4
 Sticky Flame             Conj/Fire      23%        2d4       8%          4
 Summon Ice Beast         Ice/Summ       23%        N/A       8%          4
 Metabolic Englaciation   Hex/Ice        11%        N/A       22%         5
 Simulacrum               Ice/Necr       11%        N/A       77%         6
 Ignition                 Fire           11%        3d5       100%        8


Dungeon Overview and Level Annotations

Branches:
Dungeon (11/15)            Temple (1/1) D:7            Lair (3/5) D:11
  Swamp (0/4) Lair:2       Spider (0/4) Lair:2          Orc (1/2) D:11

Altars:
Ashenzari
Cheibriados
Dithmenos
Elyvilon
Fedhas
Gozag
Hepliaklqana
Kikubaaqudgha
Makhleb
Nemelex Xobeh
Okawaru
Qazlal
Ru
Sif Muna
Trog
Uskayaw
Vehumet
Wu Jian
Xom
Yredelemnul
Zin
The Shining One

Shops:
D:2 !(*   D:3 ?   D:11 *

Annotations:
D:4 1 runed translucent door, Biggs's ghost, amateur HOFi
D:9 3 runed translucent doors, bakla's ghost, novice DsHu
Lair:2 3 runed translucent doors, p00ps00p's ghost, journeyman HOFi


Innate Abilities, Weirdness & Mutations

Your life essence is reduced to manifest your ancestor. (-10% HP)
You have very sharp teeth.
Your uncanny sense of smell can sniff out nearby items.
Your experience applies equally to all skills.


Message History

The komodo dragon is no longer petrified.
Leofsige blocks the blink frog's attack.
The komodo dragon bites you!
* * * LOW HITPOINT WARNING * * *
The catoblepas breathes a plume of calcifying dust at you.
The blast of calcifying dust hits you but does no damage.
The blink frog blinks!
The blink frog hits Leofsige but does no damage.
Leofsige misses the blink frog.
The komodo dragon bites you!
* * * LOW HITPOINT WARNING * * *
The blink frog blinks!
Leofsige blocks the blink frog's attack.
The catoblepas breathes a plume of calcifying dust at you.
The blast of calcifying dust hits you.
* * * LOW HITPOINT WARNING * * *
The komodo dragon bites you!
* * * LOW HITPOINT WARNING * * *
The blink frog blinks!
Leofsige hits the komodo dragon with a +0 flail!
The catoblepas breathes a plume of calcifying dust at you.
The blast of calcifying dust hits you.
* * * LOW HITPOINT WARNING * * *
Your limbs are stiffening.
You feel much better.
You are engulfed in calcifying dust.
The komodo dragon bites you!!
* * * LOW HITPOINT WARNING * * *
The blink frog blinks!
Leofsige hits the komodo dragon with a +0 flail.
The komodo dragon barely misses you.
You have turned to stone.
You are engulfed in calcifying dust.
The blink frog blinks!
The catoblepas breathes a plume of calcifying dust at you.
The blast of calcifying dust hits you but does no damage.
The komodo dragon bites you!
* * * LOW HITPOINT WARNING * * *
The blink frog hits you!
* * * LOW HITPOINT WARNING * * *
You are engulfed in calcifying dust.
Leofsige hits the blink frog with a +0 flail!
The catoblepas gores you!!
You die...

....#.................## #### #.
...........÷#.P..#.....####..###.
....#............................
.................................
..F.#....P.......#...............
PP##......#.#..P#....F.#####.#...
.......FRY......F.....#.# ######
##.#....#..#.#.Rl<....### #.
#.###..#######Y@.§§..# #P
#..###.# #..F.....# ### #.
#.####.# ##....§§.#####P#####
#.##...## #......§...........
##.###...# ####...............R..
#.......####..#..................
#................#####.....##..#.
.....#####.#P.#..# #....#......#
.....# ####.#..## ##..........#


You could see the friendly Leofsige the knight, a catoblepas, a komodo dragon
and 3 blink frogs.

Vanquished Creatures
  Gastronok (Lair:1)
  A boulder beetle (D:11)
  Erica (D:9)
  Nergalle (Lair:1)
  Pikel (D:7)
  Maurice (D:8)
  An orange demon (Lair:2)
  Maggie (Lair:1)
  A torpor snail (Lair:2)
  A gargoyle (D:10)
  9 cane toads
  3 komodo dragons
  3 rime drakes
  A tyrant leech (Lair:2)
  2 trolls
  A hornet (D:9)
  8 blink frogs
  2 shadows
  2 culicivoras (Lair:2)
  2 wyverns
  A wraith (D:11)
  27 yaks
  A basilisk (Lair:1)
  Grum (D:8)
  2 steam dragons
  A warg (D:11)
  4 water moccasins
  4 black bears
  6 orc warriors
  2 ice beasts
  A sky beast (D:7)
  7 wolves
  A lemure (D:7)
  An ogre (D:4)
  2 phantoms
  2 centaurs
  3 kobold brigands
  5 bullfrogs
  4 scorpions
  7 wights
  10 killer bees
  3 howler monkeys
  A hound (D:6)
  A jelly (D:6)
  11 orc priests
  4 iguanas
  Natasha (D:2)
  9 orc wizards
  9 gnolls
  5 adders
  A shadow imp (D:4)
  A white imp (D:6)
  4 ufetubi (D:5)
  A worm (D:2)
  5 dart slugs
  41 orcs
  4 ball pythons
  4 bats
  12 endoplasms
  4 giant cockroaches
  9 goblins
  10 hobgoblins
  4 quokkas
  3 frilled lizards
  27 kobolds
  6 rats
315 creatures vanquished.

Vanquished Creatures (collateral kills)
  A hydra (Lair:3)
  Amaemon (Lair:2)
  An ugly thing (D:11)
  A cane toad (Lair:1)
  A gargoyle (D:11)
  A komodo dragon (Lair:1)
  A yak (Lair:1)
  A warg (D:10)
  2 water moccasins
  3 wolves
  2 bullfrogs
  5 orcs
  3 butterflies (Lair:2)
23 creatures vanquished.

Vanquished Creatures (others)
  A death yak (Lair:2)
  3 ancestors (D:9)
  4 knights
8 creatures vanquished.

Grand Total: 346 creatures vanquished

Notes
Turn   | Place    | Note
-------+----------+-------------------------------------------
     0 | D:1      | promet the Gnoll Brigand began the quest for the Orb.
     0 | D:1      | Reached XP level 1. HP: 20/20 MP: 1/1
    81 | D:1      | Reached XP level 2. HP: 26/26 MP: 2/2
   309 | D:1      | Reached XP level 3. HP: 29/31 MP: 3/3
   636 | D:2      | Found Ranidodunt's Antique Weapon Emporium.
   759 | D:2      | Found Meymu's Distillery.
   811 | D:2      | Bought a potion of curing for 39 gold pieces
   844 | D:2      | Reached skill level 1 in Invocations
   879 | D:2      | Found a glowing golden altar of the Shining One.
   934 | D:2      | Noticed Natasha
   936 | D:2      | Killed Natasha
   937 | D:2      | Reached skill level 1 in Long Blades
   937 | D:2      | Reached skill level 1 in Axes
   937 | D:2      | Reached skill level 1 in Maces & Flails
   937 | D:2      | Reached skill level 1 in Polearms
   937 | D:2      | Reached skill level 1 in Staves
   937 | D:2      | Reached skill level 1 in Ranged Weapons
   937 | D:2      | Reached skill level 1 in Armour
   937 | D:2      | Reached skill level 1 in Shields
   937 | D:2      | Reached skill level 1 in Unarmed Combat
   937 | D:2      | Reached skill level 1 in Spellcasting
   937 | D:2      | Reached skill level 1 in Evocations
   937 | D:2      | Reached skill level 1 in Shapeshifting
   937 | D:2      | Reached XP level 4. HP: 38/38 MP: 5/5
  1127 | D:2      | Found Kudep's Assorted Antiques.
  1409 | D:3      | Found Qaschian's Magic Scroll Boutique.
  1477 | D:3      | Reached skill level 1 in Conjurations
  1477 | D:3      | Reached skill level 1 in Hexes
  1477 | D:3      | Reached skill level 1 in Summonings
  1477 | D:3      | Reached skill level 1 in Necromancy
  1477 | D:3      | Reached skill level 1 in Translocations
  1477 | D:3      | Reached skill level 1 in Transmutations
  1477 | D:3      | Reached skill level 1 in Fire Magic
  1477 | D:3      | Reached skill level 1 in Ice Magic
  1477 | D:3      | Reached skill level 1 in Air Magic
  1477 | D:3      | Reached skill level 1 in Earth Magic
  1477 | D:3      | Reached skill level 1 in Poison Magic
  1994 | D:3      | Learned a level 1 spell: Magic Dart
  2039 | D:3      | Reached XP level 5. HP: 12/43 MP: 5/7
  2540 | D:3      | Bought a scroll of identify for 28 gold pieces
  2982 | D:4      | Noticed an ogre
  3004 | D:4      | Killed an ogre
  3005 | D:4      | Reached skill level 8 in Stealth
  3005 | D:4      | Reached XP level 6. HP: 50/50 MP: 8/8
  3175 | D:4      | Reached skill level 5 in Fighting
  3175 | D:4      | Reached skill level 5 in Short Blades
  3175 | D:4      | Reached skill level 5 in Throwing
  3851 | D:4      | Identified a scroll of acquirement
  3851 | D:4      | Acquired a +6 rapier of venom
  3985 | D:4      | Found a runed translucent door.
  3987 | D:4      | Noticed a water moccasin
  3988 | D:4      | Noticed Biggs's ghost (amateur HOFi)
  4031 | D:5      | Entered Level 5 of the Dungeon
  4246 | D:5      | Noticed an ice beast
  4255 | D:5      | Killed an ice beast
  4256 | D:5      | Reached XP level 7. HP: 56/56 MP: 10/10
  4730 | D:5      | Identified the +0 ring mail of the Demon Prince {rElec
                  | rPois Will++ Int-4}
  4952 | D:5      | Reached XP level 8. HP: 63/63 MP: 12/12
  5040 | D:5      | Found an opulent altar of Gozag.
  5513 | D:6      | Found a radiant altar of Vehumet.
  6016 | D:6      | Found a glowing golden altar of the Shining One.
  6066 | D:6      | Found a sacrificial altar of Ru.
  6349 | D:7      | Identified the +3 orcbow "Wipnaseo" {freeze, rElec rPois
                  | Dex-2}
  6758 | D:7      | Reached XP level 9. HP: 43/69 MP: 14/14
  6982 | D:7      | Found a white marble altar of Elyvilon.
  7486 | D:7      | Found a staircase to the Ecumenical Temple.
  7497 | D:7      | Reached skill level 5 in Dodging
  7659 | Temple   | Entered the Ecumenical Temple
  7711 | Temple   | Became a worshipper of Hepliaklqana the Forgotten
  7789 | D:7      | Reached skill level 9 in Stealth
  7797 | D:7      | Found a shimmering blue altar of Sif Muna.
  7915 | D:7      | Noticed Pikel
  7936 | D:7      | Killed Pikel
  7937 | D:7      | Reached skill level 5 in Invocations
  8529 | D:8      | Noticed Maurice
  8977 | D:8      | Reached XP level 10. HP: 75/77 MP: 17/17
  8979 | D:8      | Noticed Grum
  8983 | D:8      | Killed Grum
  8987 | D:8      | Reached skill level 5 in Long Blades
  8987 | D:8      | Reached skill level 5 in Axes
  8987 | D:8      | Reached skill level 5 in Maces & Flails
  8987 | D:8      | Reached skill level 5 in Polearms
  8987 | D:8      | Reached skill level 5 in Staves
  8987 | D:8      | Reached skill level 5 in Ranged Weapons
  8987 | D:8      | Reached skill level 5 in Armour
  8987 | D:8      | Reached skill level 5 in Shields
  8987 | D:8      | Reached skill level 5 in Unarmed Combat
  8987 | D:8      | Reached skill level 5 in Spellcasting
  8987 | D:8      | Reached skill level 5 in Evocations
  9001 | D:8      | Learned a level 2 spell: Searing Ray
  9005 | D:8      | Learned a level 3 spell: Ignite Poison
  9321 | D:8      | Maurice stole a staff of poison
  9326 | D:8      | Something stole 32 poisoned darts
  9327 | D:8      | Killed Maurice
 10148 | D:9      | Reached * piety under Hepliaklqana
 10266 | D:9      | Noticed a two-headed ogre
 10268 | D:9      | Noticed bakla's ghost (novice DsHu)
 10269 | D:9      | Found a runed translucent gate.
 10269 | D:9      | Noticed a centaur warrior
 10331 | D:9      | Reached skill level 5 in Shapeshifting
 11046 | D:9      | Noticed Erica
 11056 | D:9      | Killed Erica
 11057 | D:9      | Reached XP level 11. HP: 47/75 MP: 18/20
 11168 | D:9      | Found a broken altar of Ashenzari.
 11244 | D:9      | Found a runed translucent gate.
 11245 | D:9      | Found a runed translucent gate.
 11321 | D:9      | Reached skill level 5 in Conjurations
 11321 | D:9      | Reached skill level 5 in Hexes
 11321 | D:9      | Reached skill level 5 in Summonings
 11321 | D:9      | Reached skill level 5 in Necromancy
 11321 | D:9      | Reached skill level 5 in Translocations
 11321 | D:9      | Reached skill level 5 in Transmutations
 11321 | D:9      | Reached skill level 5 in Fire Magic
 11321 | D:9      | Reached skill level 5 in Ice Magic
 11321 | D:9      | Reached skill level 5 in Air Magic
 11321 | D:9      | Reached skill level 5 in Earth Magic
 11321 | D:9      | Reached skill level 5 in Poison Magic
 11338 | D:9      | Reached skill level 10 in Stealth
 11528 | D:9      | Found an ornate altar of the Wu Jian Council.
 11867 | D:10     | Entered Level 10 of the Dungeon
 12152 | D:10     | Reached ** piety under Hepliaklqana
 12153 | D:10     | Remembered your ancestor Leofsige as a knight
 12565 | D:11     | Identified the of Hexoadgh
 12565 | D:11     | Identified the of Naxtonai
 12565 | D:11     | Identified the of Kussecai
 12565 | D:11     | Identified the of Acuowkaetu
 12565 | D:11     | Identified the "Pumias Tuat"
 12565 | D:11     | Identified the of Sivasuru
 12565 | D:11     | Identified the "Ewumasihe"
 12675 | D:11     | Found Xuohel's Assorted Antiques.
 13329 | D:11     | Found a staircase to the Lair.
 13462 | D:11     | Found a staircase to the Orcish Mines.
 13463 | D:11     | Noticed a red ugly thing
 13465 | D:11     | Noticed a boulder beetle
 13798 | D:11     | Killed a boulder beetle
 13975 | Orc:1    | Entered Level 1 of the Orcish Mines
 14225 | D:2      | Bought a scratched wooden ring for 120 gold pieces
 14225 | D:2      | Bought a runed fluorescent amulet for 120 gold pieces
 14440 | D:11     | Killed a red ugly thing
 14728 | Lair:1   | Entered Level 1 of the Lair of Beasts
 14736 | Lair:1   | Noticed Gastronok
 14765 | Lair:1   | Killed Gastronok
 15082 | Lair:1   | Reached XP level 12. HP: 50/84 MP: 11/22
 15288 | Lair:1   | Noticed Maggie
 15309 | Lair:1   | Killed Maggie
 16258 | Lair:1   | Reached *** piety under Hepliaklqana
 16772 | Lair:1   | Learned a level 3 spell: Call Canine Familiar
 16776 | Lair:1   | Learned a level 3 spell: Hailstorm
 16780 | Lair:1   | Learned a level 3 spell: Summon Guardian Golem
 16785 | Lair:1   | Learned a level 4 spell: Dimensional Bullseye
 16895 | Lair:1   | Noticed Nergalle
 16907 | Lair:1   | Killed Nergalle
 17461 | Lair:2   | Reached skill level 11 in Stealth
 17611 | Lair:2   | Found a hole to the Spider Nest.
 17825 | Lair:2   | Found a runed translucent gate.
 17825 | Lair:2   | Found a runed translucent gate.
 17825 | Lair:2   | Found a runed translucent gate.
 17826 | Lair:2   | Noticed p00ps00p's ghost (journeyman HOFi)
 17827 | Lair:2   | Noticed a death yak
 18130 | Lair:2   | Killed a death yak
 18331 | Lair:2   | Noticed Amaemon
 18344 | Lair:2   | Killed Amaemon
 18714 | Lair:2   | You fall into a shaft and drop 1 floor!
 18819 | Lair:3   | Noticed a six-headed hydra
 18821 | Lair:3   | Noticed a catoblepas
 18856 | Lair:3   | Reached XP level 13. HP: 90/90 MP: 23/25
 19314 | Lair:3   | Reached **** piety under Hepliaklqana
 20201 | Lair:2   | Found a staircase to the Swamp.
 20421 | Lair:3   | HP: 3/90 [blink frog (5)]
 20422 | Lair:3   | Slain by a catoblepas

Illustrated notes

Levels and vault maps discovered:
D:1:      co_arrival_square_in_a_square_in_a_square, layout_rooms,
          minmay_close_crescents
D:2:      layout_basic, basic_altar, serial_shops, nicolae_shop_stone, shop,
          nicolae_shop_hallway_plus, uniq_natasha
D:3:      minmay_door_path, layout_loops_ring, serial_shops, shop
D:4:      layout_gridville, ebering_ghost_inner_flame, st_stairs_14
D:5:      layout_loops_corners, grunt_gozag_breadcrumbs, minmay_splitting_lines,
          water_maze_lemuel
D:6:      layout_cave_pools, mainiacjoe_overflow_boulevard,
          mainiacjoe_overflow_two_lobes
D:7:      layout_basic, tgw_sif, elyvilon_altar_4, minmay_temple_entry_poolview,
          uniq_pikel
D:8:      layout_loops_ring, uniq_grum, uniq_maurice
D:9:      layout_roguey, nicolae_ashenzari_panopticon,
          nicolae_wu_jian_immortal_techniques, gammafunk_ghost_split, uniq_erica
D:10:     layout_basic
D:11:     evilmike_library_of_no_secrets, layout_basic, lair_entry_dummy,
          erik_orc_4, serial_shops, shop
Temple:   nicolae_temple_two_arcs
Lair:1:   layout_layer_cave, grunt_forest_small_clearing_treed, uniq_gastronok,
          uniq_nergalle, uniq_maggie
Lair:2:   layout_regular_city, minmay_swamp_entry_worms,
          spider_nest_entry_rubble, gauntlet_entry_generic,
          gammafunk_ghost_necromancy, serial_bayou_shore_b, lemuel_fruit_fields,
          serial_bayou_shore_b, grunt_megastairs_1, uniq_amaemon
Lair:3:   layout_chaotic_city, chequers_serial_rivers_room_a,
          nicolae_quartered_pool_medium, serial_bayou_ford_a
Orc:1:    layout_caves, nicolae_orc_lava_tube

Skill      XL: |  1  2  3  4  5  6  7  8  9 10 11 12 13 |
---------------+----------------------------------------+-----
Invocations    | 1 2 3 4 5 6 7 8 9 |  9.0
Long Blades    | 1 2 3 4 6 8 |  8.2
Axes           | 1 2 3 4 6 8 |  8.2
Maces & Flails | 1 2 3 4 6 8 |  8.2
Polearms       | 1 2 3 4 6 8 |  8.2
Staves         | 1 2 3 4 6 8 |  8.2
Ranged Weapons | 1 2 3 4 6 8 |  8.2
Armour         | 1 2 3 4 6 8 |  8.2
Shields        | 1 2 3 4 6 8 |  8.2
Unarmed Combat | 1 2 3 4 6 8 |  8.2
Spellcasting   | 1 2 3 4 6 8 |  8.2
Evocations     | 1 2 3 4 6 8 |  8.2
Shapeshifting  | 1 2 3 4 5 6 7 |  7.5
Conjurations   | 1 2 3 4 5 6 |  6.8
Hexes          | 1 2 3 4 5 6 |  6.8
Summonings     | 1 2 3 4 5 6 |  6.8
Necromancy     | 1 2 3 4 5 6 |  6.8
Translocations | 1 2 3 4 5 6 |  6.8
Transmutations | 1 2 3 4 5 6 |  6.8
Fire Magic     | 1 2 3 4 5 6 |  6.8
Ice Magic      | 1 2 3 4 5 6 |  6.8
Air Magic      | 1 2 3 4 5 6 |  6.8
Earth Magic    | 1 2 3 4 5 6 |  6.8
Poison Magic   | 1 2 3 4 5 6 |  6.8
Dodging        | 3 4 5 6 7 8 |  8.7
Stealth        | 8 9 10 11 | 11.3
Fighting       | 5 6 7 8 9 |  9.5
Short Blades   | 5 6 7 8 9 |  9.5
Throwing       | 5 6 7 8 9 |  9.5

Action                     |  1- 3 |  4- 6 |  7- 9 | 10-12 | 13-15 || total
---------------------------+-------+-------+-------+-------+-------++-------
  Melee: Dagger            |    63 |   229 |       |       |       ||   292
         Bite              |     9 |    22 |    26 |    47 |     8 ||   112
         Punch             |     2 |     9 |     7 |    15 |     3 ||    36
         Rapier            |       |    39 |   210 |   208 |    21 ||   478
         Glaive            |       |       |       |   143 |     4 ||   147
         War axe           |       |       |       |     8 |    14 ||    22
         Scimitar          |       |       |       |       |     5 ||     5
   Fire: Sling             |       |     5 |    16 |       |       ||    21
         Orcbow            |       |       |    47 |   169 |    18 ||   234
         Shortbow          |       |       |     4 |       |       ||     4
  Throw: Boomerang         |       |    22 |     3 |     5 |     1 ||    31
         Dart              |       |     4 |       |     1 |       ||     5
   Cast: Ignite Poison     |       |       |       |    10 |       ||    10
         Call Canine Famil |       |       |       |     2 |       ||     2
         Summon Guardian G |       |       |       |     1 |       ||     1
 Invoke: Recall Ancestor   |       |       |       |     2 |     2 ||     4
         Ancestor Life: Kn |       |       |       |     1 |       ||     1
  Evoke: Wand              |       |       |       |     3 |     1 ||     4
    Use: Scroll            |     2 |     6 |     8 |     9 |     2 ||    27
         Potion            |       |       |     2 |     4 |     1 ||     7
   Stab: Sleeping          |    12 |    10 |    10 |    13 |     3 ||    48
         Distracted        |       |     1 |       |     1 |       ||     2
         Paralysed         |       |       |       |     5 |       ||     5
         Invisible         |       |       |       |     1 |       ||     1
         Petrified         |       |       |       |       |     1 ||     1
 Armour: Robe              |    24 |    22 |       |       |       ||    46
         Ring mail         |       |    97 |   145 |    17 |       ||   259
         Steam dragon scal |       |       |       |   232 |    71 ||   303
  Dodge: Dodged            |    25 |   106 |   117 |   250 |    61 ||   559

Table legend: (Time is in decaauts)
 A = Elapsed time spent in this place.
 B = Non-inter-level travel time spent in this place.
 C = Inter-level travel time spent in this place.
 D = Time resting spent in this place.
 E = Time spent auto-exploring this place.
 F = Levels seen in this place.
 G = Mean time per level.
                   A        B        C        D        E       F      G
               +--------+--------+--------+--------+--------+-----+--------+
         Total |  20363 |  19389 |    974 |   7600 |   5576 |  16 | 1272.7 |
       Dungeon |  14583 |  13698 |    885 |   5059 |   4152 |  11 | 1325.7 |
        Temple |     72 |     72 |      0 |      0 |      0 |   1 |   72.0 |
          Lair |   5685 |   5596 |     89 |   2541 |   1424 |   3 | 1895.0 |
  Orcish Mines |     22 |     22 |      0 |      0 |      0 |   1 |   22.0 |
               +--------+--------+--------+--------+--------+-----+--------+

Top non-repeatable levels by time:
  Lair:1: 2737 daAuts
  Lair:2: 2269 daAuts
     D:7: 2253 daAuts
     D:3: 1909 daAuts
     D:9: 1825 daAuts
     D:8: 1682 daAuts
    D:10: 1512 daAuts
     D:5: 1489 daAuts
    D:11: 998 daAuts
     D:2: 813 daAuts
     D:4: 786 daAuts
     D:6: 732 daAuts
  Lair:3: 678 daAuts
     D:1: 581 daAuts
  Temple: 72 daAuts
